 Dungeon Crawl Stone Soup version 0.27.1-1-g398f81649c (webtiles) character file.

Game seed: 7372826888740069481

99 MajorAdolf the Digger (level 4, -3/40 HPs)
             Began as a Naga Wanderer on Sept 13, 2021.
             Hit by a boomerang thrown by an orc warrior (16 damage)
             ... on level 4 of the Dungeon.
             The game lasted 00:08:11 (4830 turns).

MajorAdolf the Digger (Naga Wanderer)               Turns: 4830, Time: 00:08:12

Health: -3/40      AC:  4    Str: 13    XL:     4   Next: 72%
Magic:  6/6        EV:  8    Int: 12    God:
Gold:   185        SH:  0    Dex: 13    Spells: 1/6 levels left

rFire    + . .     SeeInvis +   a - +2 dagger
rCold    . . .     Faith    .   (no shield)
rNeg     . . .     Spirit   .   p - +2 leather armour {rF+}
rPois    +         Reflect  .   (no helmet)
rElec    .         Harm     .   (no cloak)
rCorr    .         Rampage  .   (no gloves)
Will     .....                  (no barding)
Stlth    ++........             (no amulet)
HPRegen  0.13/turn              (no ring)
MPRegen  0.10/turn              (no ring)

@: very slow
A: AC +1, large, see invisible, deformed body, poison resistance, slowness 2,
spit poison 1, naga tail 1
a: Spit Poison


You were on level 4 of the Dungeon.
You visited 1 branch of the dungeon, and saw 4 of its levels.

You collected 185 gold pieces.

Inventory:

Hand Weapons
 a - a +2 dagger (weapon)
Missiles
 b - 3 curare-tipped darts
 f - 13 atropa-tipped darts
 r - 13 poisoned darts
Armour
 c - a +0 robe
 p - a +2 leather armour of fire resistance (worn)
Jewellery
 h - a +4 ring of protection
 i - a ring of magical power
 l - an amulet of faith
Scrolls
 d - a scroll of blinking {unknown}
 e - a scroll of identify {unknown}
 g - a scroll of amnesia {unknown}
 j - 2 scrolls of teleportation {unknown}
 m - a scroll of noise {unknown}
 n - a scroll of acquirement {unknown}
 o - 3 scrolls of immolation {unknown}
Potions
 k - 4 potions of curing {unknown}
 q - a potion of brilliance {unknown}


   Skills:
 - Level 2.5 Fighting
 - Level 1.0 Short Blades
 - Level 1.0 Throwing
 - Level 1.5 Stealth
 + Level 1.7 Spellcasting
 + Level 3.0 Conjurations
 + Level 2.0 Hexes
 - Level 3.0 Earth Magic


You had one spell level left.
You knew the following spells:

 Your Spells              Type           Power      Damage    Failure   Level
a - Sandblast             Erth           16%        2d6       11%         1
b - Fulminant Prism       Conj/Hex       3%         3d6       77%         4

Your spell library contained the following spells:

 Spells                   Type           Power      Damage    Failure   Level
 Magic Dart               Conj           32%        1d4       10%         1
 Searing Ray              Conj           16%        3d3       16%         2
 Static Discharge         Conj/Air       4%         N/A       28%         2
 Stone Arrow              Conj/Erth      16%        3d8       30%         3


Dungeon Overview and Level Annotations

Branches:
Dungeon (4/15)
 Temple: D:4-7

Altars:
Zin

Annotations:
D:3 exclusion: ogre, Jessica


Innate Abilities, Weirdness & Mutations

Your serpentine skin is tough. (AC +1)
You have supernaturally acute eyesight. (SInv)
Armour fits poorly on your strangely shaped body.
Your system is resistant to poisons. (rPois)
You cover ground very slowly.
You can spit poison.
You have a snake-like lower body.


Message History

You kill the hobgoblin!
Unknown command.
You start waiting.
You have got your breath back.
There is an open door here.
Press: ? - help, Shift-Dir - straight line, f - adder
Aim: an adder (asleep)
The splash of poison hits the adder.
The adder is poisoned.
The adder is lightly wounded.
Unknown command.
The adder looks more healthy.
You can't do that yet.
You can't do that yet.
Unknown command.
Unknown command.
You hit the adder.
You kill the adder!
You have got your breath back.
Your Hexes skill increases to level 2!
You see here an adder corpse.
Unknown command.
You start waiting.
Done waiting.
Unknown command.
An orc warrior comes into view. It is wielding a +0 short sword.
Found a runed flail.
The orc warrior shouts!
An orc warrior is nearby!
Press: ? - help, Shift-Dir - straight line, f - you
Okay, then.
Press: ? - help, Shift-Dir - straight line, f - orc warrior
Aim: an orc warrior, wielding a +0 short sword, wearing a +0 plate armour and quivering boomerangs The splash of poison misses the orc warrior.
The orc warrior throws a boomerang.
The boomerang hits you!
Unknown command.
You have got your breath back.
The orc warrior throws a boomerang.
The boomerang hits you!
The orc warrior throws a boomerang.
The boomerang hits you!
The orc warrior throws a boomerang.
The boomerang hits you!
You die...

#....#.......
#...#.......#+# ##
#...##.......#.####..
#...##........#....†..
..o##.o.......#.......
).##..........#....... .
#...........#..^.... ###
####.........#....... #.#
#..'@.....†..'.....# #.#
#.##.........#.....#
#.###.#<.........+.......
#.....##.........########
#.....############
#.....# #.....# #.....#
####.....#


You could see an orc warrior.

Vanquished Creatures
  3 adders
  2 dart slugs
  A worm (D:2)
  2 orcs (D:3)
  8 ball pythons
  9 bats
  An endoplasm (D:3)
  2 giant cockroaches
  2 hobgoblins
  7 jackals
  2 quokkas
  3 frilled lizards
  7 goblins
  9 kobolds
  7 rats
65 creatures vanquished.

Notes
Turn   | Place    | Note
-------+----------+-------------------------------------------
     0 | D:1      | MajorAdolf the Naga Wanderer began the quest for the Orb.
     0 | D:1      | MajorAdolf set off with the following items: a +2 dagger, 3
                  | curare-tipped darts, a +0 robe; and the following spell
                  | memorised: Sandblast; and the following spells available to
                  | memorise: Searing Ray, Static Discharge, Stone Arrow
     0 | D:1      | Reached XP level 1. HP: 19/19 MP: 1/1
   607 | D:1      | Reached XP level 2. HP: 26/27 MP: 2/2
   627 | D:1      | Found a faded altar of an unknown god.
  1147 | D:1      | Reached skill level 1 in Hexes
  1168 | D:1      | Reached XP level 3. HP: 33/33 MP: 4/4
  1480 | D:1      | Reached skill level 1 in Spellcasting
  2257 | D:2      | Found a glowing silver altar of Zin.
  2646 | D:2      | Reached XP level 4. HP: 40/40 MP: 6/6
  2658 | D:2      | Learned a level 4 spell: Fulminant Prism
  3093 | D:3      | Noticed Jessica
  3281 | D:3      | Found a glowing silver altar of Zin.
  3715 | D:3      | Noticed an ogre
  4820 | D:4      | Noticed an orc warrior
  4830 | D:4      | Hit by a boomerang thrown by an orc warrior

Illustrated notes

Levels and vault maps discovered:
D:1:      tarquinn_simple_flora_water_e, layout_basic,
          shapermc_ecumenical_altar_mp_ritualfount, minmay_rat_gold_closets
D:2:      layout_basic, basic_altar, grunt_ministairs_2,
          corexii_leaking_fountain, minmay_fractal_squares_5
D:3:      layout_loops_corners, lemuel_coloured_pillars_altar, uniq_jessica
D:4:      layout_basic, kennysheep_little_box, mainiacjoe_overflow_brackets,
          nzn_overflow_gifts_of_might_and_magic, gammafunk_ghost_smash,
          uniq_eustachio, uniq_ijyb, uniq_natasha

Skill      XL: |  1  2  3  4 |
---------------+-------------+-----
Hexes          | 1 2 |  2.0
Spellcasting   | 1 |  1.7
Conjurations   | 3 |  3.0
Fighting       | |  2.5
Short Blades   | |  1.0
Throwing       | |  1.0
Stealth        | |  1.5
Earth Magic    | |  3.0

Action                   |  1- 3 |  4- 6 || total
-------------------------+-------+-------++-------
Melee: Dagger            |    58 |    25 ||    83
Throw: Dart              |     1 |       ||     1
 Abil: Spit Poison       |    37 |    26 ||    63
 Stab: Sleeping          |     1 |       ||     1
Armor: Robe              |    23 |     3 ||    26
       Leather armour    |       |     7 ||     7
Dodge: Dodged            |    45 |    13 ||    58
